 Dungeon Crawl Stone Soup version 0.19-a0-82-gd3566c2 (webtiles) character file.

34344 Duffy the Severer (level 13, 122/122 HPs)
             Began as a Hill Orc Fighter on May 15, 2016.
             Was the Champion of Cheibriados.
             Quit the game on level 4 of the Lair of Beasts.
             The game lasted 00:23:50 (16784 turns).

Duffy the Severer (Hill Orc Fighter)               Turns: 16784, Time: 00:23:50

Health: 122/122    AC: 27    Str: 35    XL:     13   Next: 76%
Magic:  19/19      EV: 15    Int: 25    God:    Cheibriados [******]
Gold:   1218       SH:  0    Dex: 27    Spells: 0 memorised, 12 levels left

rFire  . . .     SeeInvis .     T - +1 broad axe (flame)
rCold  . . .     Gourm    .     O - +0 plate armour
rNeg   . . .     Faith    +     (no shield)
rPois  .         Spirit   .     R - +2 helmet
rElec  .         Dismiss  .     i - +2 cloak
rCorr  .         Reflect  .     C - +0 pair of gloves
SustAt .         Harm     .     I - +1 pair of boots
MR     +....                    p - amulet of faith
Stlth  ..........               l - +3 ring of slaying
                                L - ring of protection from magic

@: very slow, somewhat resistant to hostile enchantments, extremely unstealthy
A: talons 1, yellow scales 1
a: Bend Time, Temporal Distortion, Slouch, Step From Time, Renounce Religion


You were on level 4 of the Lair of Beasts.
You worshipped Cheibriados.
Cheibriados was exalted by your worship.
You were hungry.

You visited 4 branches of the dungeon, and saw 18 of its levels.
You visited the Abyss 1 time.
You also visited: Sewer.

You collected 1218 gold pieces.


Innate Abilities, Weirdness & Mutations

You have sharp toenails.
You are partially covered in yellow scales (AC +2).


   Skills:
 - Level 13.0 Fighting
 + Level 18.3 Axes
 + Level 10.7 Armour
 + Level 7.0 Dodging
   Level 3.2 Shields
 - Level 8.5 Invocations


You had 12 spell levels left.
You didn't know any spells.

Inventory:

Hand Weapons
 a - a +1 scimitar of flaming
 b - a +0 battleaxe
 x - a +0 blowgun
 T - a +1 broad axe of flaming (weapon)
Missiles
 y - 66 poisoned needles
 S - 3 throwing nets (quivered)
Armour
 i - a +2 cloak (worn)
 C - a +0 pair of gloves (worn)
 I - a +1 pair of boots (worn)
 O - a +0 plate armour (worn)
 R - a +2 helmet (worn)
Jewellery
 k - an uncursed ring of protection from magic
 l - a +3 ring of slaying (right hand)
 p - an amulet of faith (around neck)
 B - an uncursed ring of ice
 L - a ring of protection from magic (left hand)
 P - an uncursed ring of ice
 Z - an uncursed ring of wizardry {unknown}
Wands
 K - a wand of disintegration (24/24)
 U - a wand of heal wounds (3/9)
Scrolls
 c - a scroll of summoning {unknown}
 e - 3 scrolls of magic mapping
 h - 4 scrolls of remove curse
 j - 3 scrolls of recharging
 m - 3 scrolls of teleportation
 q - 2 scrolls of blinking
 r - 3 scrolls of enchant weapon
 s - 2 scrolls of fog
 t - a scroll of brand weapon {unknown}
 u - a scroll of silence {unknown}
 F - a scroll of random uselessness {unknown}
 H - 3 scrolls of enchant armour
 Q - 2 scrolls of immolation
 X - a scroll of fear
Potions
 d - 8 potions of might
 g - 2 potions of invisibility
 n - 7 potions of flight
 v - 4 potions of resistance
 z - 8 potions of curing
 A - 4 potions of heal wounds
 D - 5 potions of magic
 G - a potion of ambrosia
 M - 3 potions of lignification {unknown}
 Y - a potion of cure mutation {unknown}
Comestibles
 f - 16 bread rations
 o - 8 meat rations
 w - 5 slices of pizza
 E - 4 beef jerkies
 J - 2 royal jellies
 N - 28 fruits

Dungeon Overview and Level Annotations

Branches:
Dungeon (12/15)            Temple (1/1) D:7            Lair (4/8) D:10
  Swamp (0/4) Lair:4       Spider (0/4) Lair:3          Orc (1/2) D:12

Altars:
Ashenzari
Cheibriados
Dithmenos
Elyvilon
Fedhas
Gozag
Kikubaaqudgha
Makhleb
Nemelex Xobeh
Okawaru
Pakellas
Qazlal
Ru
Sif Muna
Trog
Vehumet
Xom
Yredelemnul
Zin
The Shining One
Beogh

Shops:
Orc:1 :


Message History

You kill the crocodile!
Cheibriados appreciates the change of pace.
No target in view!
No target in view!
No target in view!
No target in view!
No target in view!
No target in view!
No target in view!
No target in view!
You see here a crocodile corpse.
You butcher the crocodile corpse.
V - 5 chunks of flesh You see here a crocodile skeleton.
Eating one of 5 chunks of flesh.
This raw flesh tastes terrible.
You continue eating. x2
HP restored.
You open the door.
There is an open door here.
You open the door.
There is an open door here.
M - 3 viscous yellow potions (gained 1)
You now have 1218 gold pieces (gained 23).
All of the chunks of flesh in your inventory have rotted away.
You open the door.
There is an open door here.
Found a staircase to the Swamp.
You found an alarm trap!
You are feeling hungry.
f - 16 bread rations (gained 1)
V - a scroll of identify Read which item? (? for menu, Esc to quit)
Identify which item? (\ to view known items) (? for menu, Esc to quit)
As you read the scroll of identify, it crumbles to dust.
T - a scroll of acquirement Read which item? (? for menu, Esc to quit)
As you read the scroll of acquirement, it crumbles to dust.
This is a scroll of acquirement! [a] Weapon [b] Armour [c] Jewellery [d] Book [e] Staff [f] Wand [g] Miscellaneous [h] Food [i] Gold [j] Ammunition What kind of item would you like to acquire? (\ to view known items)
Something appears at your feet!
T - a runed broad axe Wield which item (- for none, * to show all)? (? for menu, Esc to quit)
Your +1 broad axe of flaming bursts into flame!
T - a +1 broad axe of flaming (weapon)
A water moccasin comes into view.
The water moccasin hisses angrily.
The water moccasin barely misses you.
Are you sure you want to abandon this character and quit the game? (Confirm with "yes".)

#### #P# #..# ..P... ....
........ ... ..
......#.###.# ...
.......#..P.###....#
...................##
......#....@S# .....#
.............# ....#
.......#.....##....# .
.............P.....#####. #
......P#...............P+###
..........###.#.............
.......#..##................
............................
............................


You could see a water moccasin.

Action                   |  1- 3 |  4- 6 |  7- 9 | 10-12 | 13-15 || total
-------------------------+-------+-------+-------+-------+-------++-------
Melee: War axe           |    96 |   168 |   277 |   434 |       ||   975
       Kick              |       |    36 |    28 |       |       ||    64
       Battleaxe         |       |       |       |   158 |   257 ||   415
       Scimitar          |       |       |       |     4 |     8 ||    12
Invok: Slouch            |       |       |       |     2 |       ||     2
       Temporal Distorti |       |       |       |     2 |       ||     2
  Use: Scroll            |       |     7 |     8 |    10 |     4 ||    29
       Potion            |       |     3 |       |       |       ||     3
 Stab: Invisible         |       |     3 |       |       |       ||     3
       Held in net/web   |       |       |       |       |     1 ||     1
  Eat: Chunk             |       |     7 |     7 |    11 |     7 ||    32
Armor: Scale mail        |    21 |       |       |       |       ||    21
       Chain mail        |    53 |    88 |    88 |       |       ||   229
       Plate armour      |       |       |    32 |   304 |   131 ||   467
Dodge: Dodged            |    18 |    27 |    56 |   233 |   184 ||   518
Block: Shield            |    56 |    97 |   121 |   237 |       ||   511

Notes
Turn   | Place    | Note
--------------------------------------------------------------
     0 | D:1      | Duffy the Hill Orc Fighter began the quest for the Orb.
     0 | D:1      | Reached XP level 1. HP: 19/19 MP: 1/1
    53 | D:1      | Reached skill level 3 in Axes
    98 | D:1      | Reached XP level 2. HP: 25/26 MP: 2/2
   295 | D:1      | Reached skill level 4 in Axes
   541 | D:2      | Reached XP level 3. HP: 28/31 MP: 3/3
   546 | D:2      | Reached skill level 5 in Axes
   575 | D:2      | Reached XP level 4. HP: 32/39 MP: 4/4
   656 | D:2      | Gained mutation: You are partially covered in yellow scales (AC +2). [potion of beneficial mutation]
   657 | D:2      | Gained mutation: You have sharp toenails. [potion of beneficial mutation]
   961 | D:2      | Reached skill level 6 in Axes
  1372 | D:3      | Reached XP level 5. HP: 45/45 MP: 5/5
  1383 | D:3      | Found a glowing drain.
  1387 | Sewer    | Entered a sewer
  1398 | Sewer    | Reached skill level 7 in Axes
  1458 | Sewer    | Noticed a big kobold
  1497 | Sewer    | Killed a big kobold
  1612 | Sewer    | Found a white marble altar of Elyvilon.
  1728 | D:3      | Reached skill level 8 in Axes
  1847 | D:3      | Reached XP level 6. HP: 51/51 MP: 6/6
  1869 | D:3      | Found a sparkling altar of Nemelex Xobeh.
  1869 | D:3      | Noticed Jessica
  1871 | D:3      | Killed Jessica
  1899 | D:3      | Found a shattered altar of Ashenzari.
  2209 | D:4      | Found a snail-covered altar of Cheibriados.
  2234 | D:4      | Became a worshipper of Cheibriados the Contemplative
  2444 | D:4      | Reached skill level 9 in Axes
  2662 | D:4      | Found a white marble altar of Elyvilon.
  2666 | D:4      | Found a glowing golden altar of the Shining One.
  2787 | D:4      | Found a shadowy altar of Dithmenos.
  2868 | D:4      | Found a blossoming altar of Fedhas.
  2889 | D:4      | Reached XP level 7. HP: 58/58 MP: 7/7
  3093 | D:4      | Reached skill level 4 in Fighting
  3093 | D:4      | Reached skill level 1 in Dodging
  3210 | D:4      | Reached * piety under Cheibriados
  3213 | D:4      | Reached skill level 4 in Armour
  3369 | D:5      | Entered Level 5 of the Dungeon
  3400 | D:5      | Noticed Duvessa
  3406 | D:5      | Noticed Dowan
  3496 | D:5      | Killed Dowan
  3629 | D:5      | Noticed BoltzmannConstant's ghost (novice VSMo)
  3641 | D:5      | Killed Duvessa
  3641 | D:5      | Reached skill level 2 in Dodging
  3641 | D:5      | Reached XP level 8. HP: 52/67 MP: 8/8
  3644 | D:4      | Reached skill level 5 in Fighting
  3729 | D:5      | Killed BoltzmannConstant's ghost
  3729 | D:5      | Reached skill level 10 in Axes
  3729 | D:5      | Reached skill level 5 in Armour
  4205 | D:6      | Reached ** piety under Cheibriados
  4587 | D:6      | Reached skill level 6 in Fighting
  4874 | D:6      | Reached skill level 3 in Dodging
  5117 | D:7      | Reached XP level 9. HP: 78/78 MP: 9/9
  5137 | D:7      | Found a staircase to the Ecumenical Temple.
  5151 | Temple   | Entered the Ecumenical Temple
  5494 | D:7      | Reached skill level 6 in Armour
  5498 | D:7      | Reached *** piety under Cheibriados
  5501 | D:7      | Reached skill level 7 in Fighting
  5801 | D:8      | Reached skill level 11 in Axes
  6029 | D:8      | Found an opulent altar of Gozag.
  6064 | D:8      | Reached **** piety under Cheibriados
  6064 | D:8      | Reached skill level 4 in Dodging
  6248 | D:8      | Reached skill level 1 in Invocations
  6341 | D:8      | Reached skill level 2 in Invocations
  6352 | D:8      | Reached skill level 7 in Armour
  6352 | D:8      | Reached skill level 3 in Invocations
  6358 | D:8      | Reached skill level 4 in Invocations
  6367 | D:8      | Reached skill level 12 in Axes
  6367 | D:8      | Reached XP level 10. HP: 54/86 MP: 13/13
  6765 | D:9      | Reached skill level 5 in Invocations
  6775 | D:9      | Noticed Duffy's ghost (novice DrSu)
  6981 | D:9      | Killed Duffy's ghost
  6981 | D:9      | Reached skill level 6 in Invocations
  7069 | D:9      | Noticed Psyche
  7078 | D:9      | Cast into level 2 of the Abyss (Psyche)
  7122 | Abyss:2  | Noticed a tentacled starspawn
  7126 | D:9      | Escaped the Abyss
  7127 | D:9      | Killed Psyche
  7224 | D:9      | Reached skill level 7 in Invocations
  7393 | D:9      | Noticed a centaur warrior
  7408 | D:9      | Killed a centaur warrior
  7408 | D:9      | Reached skill level 13 in Axes
  7408 | D:9      | Reached skill level 8 in Invocations
  7415 | D:9      | Reached ***** piety under Cheibriados
  7601 | D:9      | Reached skill level 8 in Armour
  7753 | D:9      | Found a burning altar of Makhleb.
  8272 | D:10     | Entered Level 10 of the Dungeon
  8315 | D:10     | Reached XP level 11. HP: 85/94 MP: 17/17
  8526 | D:10     | Reached skill level 8 in Fighting
  9033 | D:10     | Found a staircase to the Lair.
  9141 | D:11     | Reached skill level 9 in Armour
  9141 | D:11     | Reached skill level 5 in Dodging
  9407 | D:11     | Noticed a hill giant
  9408 | D:11     | Noticed Nergalle
  9423 | D:11     | Killed a hill giant
  9423 | D:11     | Reached skill level 9 in Fighting
  9423 | D:11     | Reached skill level 14 in Axes
  9458 | D:11     | Killed Nergalle
  9595 | D:11     | Reached skill level 10 in Fighting
  9743 | D:11     | Found a bloodstained altar of Trog.
  9791 | D:11     | Noticed a white ugly thing
  9796 | D:11     | Killed a white ugly thing
 10051 | D:12     | Reached ****** piety under Cheibriados
 10086 | D:12     | Reached skill level 15 in Axes
 10350 | D:12     | Reached XP level 12. HP: 107/107 MP: 18/18
 10352 | D:12     | Found a staircase to the Orcish Mines.
 10364 | Orc:1    | Entered Level 1 of the Orcish Mines
 10409 | Orc:1    | Noticed Harold
 10422 | Orc:1    | Killed Harold
 10550 | Orc:1    | Reached skill level 11 in Fighting
 10707 | Orc:1    | Noticed Erica
 10717 | Orc:1    | Killed Erica
 10841 | Orc:1    | Found Biruc's Book Boutique.
 10891 | Orc:1    | Noticed a sun demon
 10899 | Orc:1    | Reached skill level 16 in Axes
 11727 | Orc:1    | Reached skill level 12 in Fighting
 11799 | Orc:1    | Found a roughly hewn altar of Beogh.
 12137 | D:12     | Noticed Maud
 12148 | D:12     | Killed Maud
 12515 | D:12     | Noticed a seven-headed hydra
 12521 | D:12     | Killed a five-headed hydra
 12525 | D:12     | Reached skill level 17 in Axes
 12701 | D:12     | Reached skill level 13 in Fighting
 12717 | D:12     | Reached XP level 13. HP: 74/122 MP: 17/19
 13028 | Lair:1   | Entered Level 1 of the Lair of Beasts
 14563 | Lair:2   | Reached skill level 10 in Armour
 14563 | Lair:2   | Reached skill level 6 in Dodging
 15201 | Lair:3   | Reached skill level 18 in Axes
 15771 | Lair:3   | Found a hole to the Spider Nest.
 15818 | Lair:3   | Noticed Fannar
 15828 | Lair:3   | Killed Fannar
 15932 | Lair:3   | Noticed Snorg
 15941 | Lair:3   | Killed Snorg
 15941 | Lair:3   | Reached skill level 7 in Dodging
 16757 | Lair:4   | Found a staircase to the Swamp.
 16784 | Lair:4   | Quit the game

Skill      XL: |  1  2  3  4  5  6  7  8  9 10 11 12 13 |
---------------+----------------------------------------+-----
Axes           | 3 4 5 6 8 9 10 12 13 15 17 18 | 18.3
Fighting       | 4 6 7 10 13 | 13.0
Dodging        | 2 3 4 5 7 |  7.0
Armour         | 4 5 7 8 9 10 | 10.7
Invocations    | 4 8 |  8.5
Shields        | |  3.2

Vault maps used:
D:1:      eino_arrival_cavern_b, minmay_misc_feat_room
D:2:      first_bread
D:3:      nicolae_ashenzari_panopticon, gup_sewer_entry_bowl,
          kennysheep_nondescript, nemelex_lonely_heart_becter
D:4:      nicolae_dithmenos_shadow_blocks, grunt_temple_overflow_open,
          cheibriados_altar_1, lemuel_doored_altar, kennysheep_generic_room_3
D:5:      uniq_duvessa
D:7:      minmay_temple_entry_junction2
D:8:      grunt_gozag_breadcrumbs
D:9:      minmay_distorted_concentric_squares, kennysheep_mini,
          hangedman_fish_farm, statue_in_the_mist_lemuel, uniq_psyche
D:10:     lair_0_dummy
D:11:     basic_altar, uniq_nergalle
D:12:     minmay_orc_entry_guard_dogs, kennysheep_generic_room_12, uniq_maud
Temple:   circular_temple_12
Lair:1:   minivault_23, grunt_megastairs_2
Lair:2:   bh_autumn_forest_stairs, serial_bayou_shore_b
Lair:3:   spider_nest_entry_web_field, kennysheep_basilisk_garden, uniq_fannar,
          uniq_snorg
Lair:4:   swamp_mist, minivault_29
Orc:1:    nicolae_orc_accident_2, serial_shops, nicolae_shop_stone, uniq_erica,
          uniq_harold
Sewer:    sewer_kobolds

Vanquished Creatures
  Maud Snorg Fannar Harold
  A centaur warrior
  3 hydras Erica
  The ghost of Duffy the Summoner, a novice DrSu of Sif Muna Nergalle
  A hill giant
  2 orc sorcerers
  2 ugly things
  A manticore
  A cyclops Psyche
  2 black mambas
  A gargoyle
  A rime drake
  6 spiny frogs
  2 komodo dragons
  The ghost of BoltzmannConstant the Grappler, a novice VSMo
  A merfolk
  3 trolls
  3 two-headed ogres
  3 wyverns
  25 yaks
  4 basilisks
  4 hippogriffs
  5 wargs
  A mottled dragon Duvessa
  A soldier ant
  5 porcupines
  7 water moccasins
  2 sky beasts
  12 orc warriors
  A wasp
  4 ice beasts
  A necrophage
  4 boggarts
  3 phantoms
  11 ogres
  10 wolves
  7 crocodiles
  10 centaurs
  3 big kobolds
  12 giant frogs
  A wyvern zombie
  A scorpion Dowan
  9 killer bees
  4 wights
  4 howler monkeys
  7 crimson imps
  A centaur zombie
  A jelly
  2 giant frog zombies
  16 orc wizards
  9 orc priests
  4 centaur skeletons
  6 hounds
  A giant frog skeleton Jessica
  5 iguanas
  9 worker ants
  13 sheep
  A worker ant zombie
  A howler monkey skeleton
  18 adders
  34 river rats
  4 shadow imps
  2 adder skeletons
  2 worms
  6 giant geckos
  40 orcs
  4 giant cockroaches
  7 goblins
  11 hobgoblins
  13 jackals
  19 kobolds
  7 quokkas
  8 bats
  A giant cockroach zombie
  A giant gecko skeleton
  6 giant newts
  6 rats
  A fungus
  A plant
  2 starspawn tentacles
465 creatures vanquished.
